 Dungeon Crawl Stone Soup version 0.16-a0-286-g6bac339 (webtiles) character file.

217065 Ololoev the Basher (level 19, -10/276 HPs)
             Began as a Naga Gladiator on Aug 27, 2014.
             Was an Elder of Okawaru.
             Killed from afar by Jory (45 damage)
             ... with a crystal spear
             ... on Level 2 of the Depths on Aug 28, 2014.
             The game lasted 04:28:56 (48673 turns).

Ololoev the Basher (Naga Gladiator)                Turns: 48673, Time: 04:29:00

HP -10/276       AC 40     Str 25      XL: 19   Next:  7%
MP  27/31        EV 10     Int 16      God: Okawaru [****..]
Gold 2163        SH  7     Dex 14 (15) Spells:  5 memorised,  9 levels left

rFire  + . .     SeeInvis +     Z - +1 eveningstar (protect)
rCold  + . .     Clarity  .     c - +6 chain mail of Objectivity {+Rage Curse}
rNeg   . . .     rCorr    .     B - +3 buckler {reflect}
rPois  +         rRot     .     a - +0 helmet "Clounon" {Slay+5}
rElec  .         Spirit   .     C - +1 cloak {+Inv}
SustAb .         Warding  .     A - +1 pair of gloves {Dex+3}
rMut   .         Stasis   .     h - +1 naga barding {rF+}
Gourm  .                        V - amulet of faith
MR     +++..                    y - ring of protection from cold
                                g - ring of protection from magic

@: berserking, lethally poisoned, very slightly contaminated, regenerating,
hasted (expiring), repel missiles, quick, extremely resistant to hostile
enchantments, extremely unstealthy
A: spit poison, constrict 1, see invisible, clever 1, deformed body, poison
resistance, robust 1, slowness 2, AC +6
a: Spit Poison, Heroism, Renounce Religion, Evoke Berserk Rage, Evoke
Invisibility
}: 1/15 runes: decaying


You were on level 2 of the Depths.
You worshipped Okawaru.
Okawaru was greatly pleased with you.
You were not hungry.

You visited 6 branches of the dungeon, and saw 35 of its levels.
You also visited: Bailey, Ice Cave and Volcano.

You collected 3426 gold pieces.
You spent 1263 gold pieces at shops.

Inventory:

Hand weapons
 F - the +12 greatsling "Mavaw" {speed, rN+ MR+}
   (Okawaru gifted it to you on level 5 of the Lair of Beasts)

   Attacks with this weapon are significantly faster.
   It protects you from negative energy.
   It affects your resistance to hostile enchantments.
 Z - a +1 eveningstar of protection (weapon)
Missiles
 k - a sling bullet of frost
 q - 41 steel sling bullets
 O - 22 sling bullets of flame
Armour
 a - the +0 helmet "Clounon" (worn) {Slay+5}
   (Okawaru gifted it to you on level 8 of the Lair of Beasts)

   It affects your accuracy and damage with ranged weapons and melee attacks
   (+5).
 c - the +6 chain mail of Objectivity (worn) {+Rage Curse}
   (You found it on level 4 of the Dungeon)

   It lets you go berserk.
   It may recurse itself when equipped.
 h - a +1 naga barding of fire resistance (worn)
 A - a +1 pair of gloves of dexterity (worn)
 B - a +3 buckler of reflection (worn)
 C - a +1 cloak of darkness (worn)
Magical devices
 b - a wand of paralysis (6)
 n - a wand of enslavement (12)
 s - a wand of confusion (19)
 G - a wand of heal wounds (4)
 J - a wand of teleportation (4)
 P - a wand of digging (3)
 X - a wand of hasting (0)
Comestibles
 f - 17 bread rations
 v - 11 meat rations
 S - 39 fruits
Scrolls
 j - 2 scrolls of remove curse
 l - a scroll of magic mapping
 m - a scroll of recharging
 t - 4 scrolls of fog
 u - 3 scrolls of enchant weapon
 w - 3 scrolls of immolation
 H - a scroll of identify
 I - 7 scrolls of teleportation
 U - 6 scrolls of enchant armour
Jewellery
 g - a ring of protection from magic (left hand)
 x - an uncursed ring of flight
 y - a ring of protection from cold (right hand)
 V - an amulet of faith (around neck)
 Y - an uncursed amulet of the gourmand
Potions
 e - 2 potions of restore abilities
 i - a potion of invisibility
 o - 4 potions of resistance
 r - a potion of heal wounds
 z - 2 potions of cancellation
 D - a potion of agility
 E - 8 potions of curing
 L - 3 potions of might
 R - 2 potions of cure mutation
Miscellaneous
 M - a fan of gales (inert)
 T - a fan of gales (inert)


   Skills:
 - Level 10.0 Fighting
 - Level 14.8 Maces & Flails
 - Level 9.0 Slings
 - Level 1.7(5.9) Throwing
 + Level 13.1 Armour
 * Level 14.2 Dodging
 - Level 2.4 Shields
 - Level 8.7 Charms
 - Level 7.6 Necromancy
 - Level 4.2 Air Magic
 - Level 2.3 Invocations
 + Level 10.1 Evocations


You had 9 spell levels left.
You knew the following spells:

 Your Spells              Type           Power        Failure   Level  Hunger
a - Repel Missiles        Chrm/Air       ###...       12%         2    ###....
b - Blink                 Tloc           N/A          98%         2    ###....
c - Regeneration          Chrm/Necr      ####......   12%         3    ####...
d - Apportation           Tloc           #.........   89%         1    ##.....
e - Summon Butterflies    Summ           #.......     89%         1    ##.....


Dungeon Overview and Level Annotations

Branches:
Dungeon (15/15)            Temple (1/1) D:6             Orc (4/4) D:10
    Elf (0/3) Orc:3          Lair (8/8) D:8           Swamp (5/5) Lair:3
 Spider (0/5) Lair:3        Slime (0/6) Lair:8       Vaults (0/5) D:13
 Depths (2/5) D:15

Altars:
Ashenzari
Cheibriados
Dithmenos
Elyvilon
Fedhas
Gozag
Kikubaaqudgha
Makhleb
Nemelex Xobeh
Okawaru
Qazlal
Sif Muna
Trog
Vehumet
Xom
Yredelemnul
Zin
The Shining One
Beogh
Jiyva

Shops:
D:10 :   Orc:4 :(!!

Portals:
Hell: Depths:1 Depths:2

Annotations:
Depths:2 Jory


Innate Abilities, Weirdness & Mutations

You cannot wear boots.
You can spit poison.
You can use your snake-like lower body to constrict enemies.
Your serpentine skin is tough (AC +6).
You have supernaturally acute eyesight.
Armour fits poorly on your strangely shaped body.
Your system is resistant to poisons.
You cover ground very slowly.
Your mind is acute. (Int +2)
You are robust (+10% HP).


Message History

Jory bites you but does no damage.
You see here a human corpse.
You hit Jory but do no damage. Your grab misses Jory.
Jory is lightly damaged.
You feel sick.
You are too injured to fight recklessly!
You are too injured to fight recklessly!
You are too injured to fight recklessly!
You hit Jory but do no damage. Your grab misses Jory.
Jory is lightly damaged.
Jory casts a spell.
You bludgeon Jory!! Your grab misses Jory.
Jory is moderately damaged.
You impale Jory!! You grab Jory.
Jory is moderately damaged.
Your extra speed is starting to run out.
You constrict Jory, but do no damage. Jory gestures at you while chanting.
The crystal spear hits you!
You die...

########.. #§. #####
#§§§# #§§§§ #.§.#
######### ##'##
##.......## # #.#(
#...%%@V..##.# #.'.
#...%8%%..'..##+++####.
#...%%%...####.§§§§####
##.....%.#')'§§..§§§'..
#############§.§§.####
#######


You could see Jory.

Vanquished Creatures
  Norris (Swamp:3)
  A thorn hunter (Swamp:3)
  A fire giant (D:14)
  Donald (Orc:3)
  A frost giant (IceCv)
  Aizul (Swamp:1)
  An emperor scorpion (Depths:2)
  2 ghost moths (Depths:2)
  A ghoul (Swamp:1)
  3 very ugly things (Depths:1)
  A stone giant (Depths:1)
  3 vampire knights (Depths:2)
  Snorg (D:14)
  The ghost of MackTheKnife the Fighter, a powerful FoFi of Okawaru (Lair:2)
  A yaktaur captain (D:13)
  2 ettins (Depths:1)
  Fannar (Lair:4)
  Harold (Orc:3)
  2 rakshasas (Depths:1)
  5 great orbs of eyes (Depths:1)
  38 hydras
  A shambling mangrove (Swamp:3)
  8 alligators
  3 ice dragons
  Nessos (Swamp:1)
  5 centaur warriors
  Erica (D:10)
  A ghost crab (shapeshifter) (D:14)
  4 ogre magi
  2 deep troll shamans (Depths:1)
  A tengu warrior (D:12)
  29 death yaks
  An orc high priest (Orc:4)
  11 spriggans
  5 shadow wraiths (Depths:2)
  Nergalle (D:15)
  3 catoblepae (Lair:8)
  An iron troll (Depths:1)
  A hell beast (Depths:2)
  4 spriggan druids
  3 deep trolls (Depths:1)
  3 flayed ghosts
  An unseen horror (D:15)
  A wizard (Depths:1)
  An ice statue (IceCv)
  6 hill giants
  17 swamp dragons
  A necromancer (Depths:2)
  18 ugly things
  4 red wasps
  8 orc sorcerers
  2 phantasmal warriors (Depths:2)
  A cyclops (D:11)
  An orc knight (Bailey)
  18 elephants
  2 manticores
  A salamander (Lair:4)
  8 black mambas
  4 gargoyles
  A kobold demonologist (D:13)
  A torpor snail (Lair:6)
  An iron devil (Depths:2)
  A spiny frog (shapeshifter) (D:13)
  5 eyes of devastation (Depths:1)
  Psyche (D:8)
  16 spiny frogs
  A spriggan skeleton (Depths:2)
  12 komodo dragons
  4 fire drakes
  4 yaktaurs
  A blue devil (Depths:2)
  2 efreet
  16 polar bears (IceCv)
  A red devil (Depths:2)
  2 jumping spiders
  A wind drake (Lair:4)
  9 trolls
  12 giant leeches
  2 elf zombies (Depths:2)
  11 two-headed ogres
  11 slime creatures
  4 baby alligators (Swamp:3)
  A blink frog (D:8)
  12 bog bodies
  20 ravens
  A trapdoor spider (shapeshifter) (D:14)
  4 flying skulls (Depths:2)
  A fire dragon skeleton (D:15)
  8 shadows
  4 basilisks
  7 wyverns
  4 redbacks (Lair:7)
  A spriggan (shapeshifter) (Depths:1)
  A spriggan simulacrum (Depths:2)
  2 hill giant zombies
  75 yaks
  3 golden eyes (Depths:1)
  A golden eye (shapeshifter) (D:14)
  A deep elf mage (D:13)
  2 fire bats (Volcano)
  A tarantella (Lair:7)
  2 hungry ghosts
  12 vampire mosquitoes
  A hill giant skeleton (D:13)
  20 water moccasins
  A wraith (D:12)
  13 hippogriffs
  2 soldier ants
  7 wargs
  2 tengu zombies (D:15)
  A mottled dragon (D:13)
  22 wolves
  24 swamp worms
  A human skeleton (D:14)
  7 porcupines
  21 orc warriors
  An ogre skeleton (D:13)
  2 sky beasts
  5 necrophages
  11 swamp drakes
  13 centaurs
  2 ice beasts
  11 yellow wasps
  18 ogres
  4 phantoms
  A tengu (Lair:4)
  Sigmund (D:2)
  Duvessa (D:9)
  A brain worm (D:14)
  12 crocodiles
  A gnoll sergeant (D:11)
  15 giant frogs
  A big kobold (D:12)
  A komodo dragon skeleton (D:12)
  36 insubstantial wisps
  6 killer bees (D:14)
  2 troll zombies (D:10)
  A cyclops skeleton (D:10)
  3 eyes of draining
  2 scorpions
  2 eyes of draining (shapeshifter)
  8 wights
  3 lava snakes (Volcano)
  Dowan (D:9)
  5 crimson imps
  12 hounds
  An iron imp (Depths:1)
  A two-headed ogre zombie (D:7)
  An electric eel (Lair:5)
  28 orc priests
  11 jellies
  A giant frog skeleton (D:11)
  A kobold skeleton (D:12)
  An elf skeleton (D:7)
  3 iguanas
  7 worker ants
  30 orc wizards
  5 ogre zombies (D:10)
  12 sheep
  A crocodile skeleton (D:8)
  A mottled dragon skeleton (D:13)
  A hound skeleton (D:7)
  12 adders
  26 gnolls
  51 green rats
  A scorpion zombie (D:5)
  A steam dragon skeleton (D:6)
  12 white imps (D:12)
  3 shadow imps
  3 giant mites
  2 worms (D:2)
  A giant eyeball (Depths:1)
  6 giant geckos
  146 orcs
  A bat zombie (D:5)
  6 giant cockroaches
  23 goblins
  34 hobgoblins
  19 jackals
  17 oozes
  A ball python (D:5)
  9 bats
  7 giant newts
  3 giant spores
  2 goblin skeletons (D:10)
  2 goblin zombies (D:10)
  2 hobgoblin skeletons (D:10)
  19 kobolds
  6 orc skeletons
  12 orc zombies (D:10)
  14 quokkas
  17 rats
  4 ballistomycetes
  2 briar patches (Swamp:3)
  A fungus (Swamp:4)
  A plant (Lair:7)
1409 creatures vanquished.

Vanquished Creatures (collateral kills)
  2 shadow wraiths (Depths:2)
  An oklob plant (Lair:1)
  A raven (Depths:2)
  An orc warrior (Orc:4)
  2 centaurs (D:14)
  2 orc priests (Orc:4)
  An orc wizard (Orc:4)
10 creatures vanquished.

Vanquished Creatures (others)
  An ice dragon (D:15)
  5 air elementals
  A spiny frog (Swamp:3)
  A fire drake (Swamp:5)
  A giant leech (Swamp:5)
  2 centaurs (D:13)
  A giant frog (Swamp:5)
  5 orcs (Orc:2)
  A goblin (Orc:4)
  A briar patch (Swamp:3)
  A bush (Lair:8)
  29 fungi
  18 plants
67 creatures vanquished.

Grand Total: 1486 creatures vanquished

Notes
Turn   | Place    | Note
--------------------------------------------------------------
     0 | D:1      | Ololoev, the Naga Gladiator, began the quest for the Orb.
     0 | D:1      | Reached XP level 1. HP: 19/19 MP: 1/1
   222 | D:1      | Reached XP level 2. HP: 24/26 MP: 2/2
   712 | D:1      | Reached skill level 4 in Maces & Flails
   798 | D:1      | Reached XP level 3. HP: 23/32 MP: 3/3
  1050 | D:2      | Noticed Sigmund
  1067 | D:2      | Killed Sigmund
  1067 | D:2      | Reached skill level 5 in Maces & Flails
  1067 | D:2      | Reached XP level 4. HP: 23/39 MP: 4/4
  1378 | D:2      | Reached XP level 5. HP: 45/45 MP: 5/5
  1870 | D:3      | Reached skill level 6 in Maces & Flails
  2089 | D:3      | Reached XP level 6. HP: 15/52 MP: 6/6
  2723 | D:3      | Reached skill level 7 in Maces & Flails
  3056 | D:3      | Found a sparkling altar of Nemelex Xobeh.
  3783 | D:4      | Got a jewelled chain mail
  3794 | D:4      | Identified the +6 chain mail of Objectivity {+Rage Curse} (You found it on level 4 of the Dungeon)
  3854 | D:4      | Reached skill level 1 in Evocations
  3854 | D:4      | Reached XP level 7. HP: 60/60 MP: 6/8
  4359 | D:5      | Entered Level 5 of the Dungeon
  4413 | D:5      | Reached skill level 1 in Shields
  4494 | D:5      | Found a sparkling altar of Nemelex Xobeh.
  5359 | D:6      | Reached skill level 8 in Maces & Flails
  5359 | D:6      | Reached XP level 8. HP: 59/67 MP: 10/12
  5407 | D:6      | Found a staircase to the Ecumenical Temple.
  5441 | Temple   | Entered the Ecumenical Temple
  5692 | Temple   | Became a worshipper of Warmaster Okawaru
  6141 | D:7      | Got a faintly glowing dagger
  6142 | D:7      | Identified the +6 dagger "Blob" {flame, Noisy rN+} (You found it on level 7 of the Dungeon)
  6408 | D:7      | Found a white marble altar of Elyvilon.
  6620 | D:7      | Reached skill level 5 in Evocations
  6681 | D:7      | Reached skill level 9 in Maces & Flails
  6816 | D:7      | Acquired Okawaru's first power
  7089 | D:8      | Found a shattered altar of Ashenzari.
  7089 | D:8      | Noticed Psyche
  7103 | D:8      | Killed Psyche
  7103 | D:8      | Reached XP level 9. HP: 61/73 MP: 12/18
  7159 | D:8      | Found a staircase to the Lair.
  7177 | D:8      | Noticed a blink frog
  7221 | D:8      | Killed a blink frog
  7221 | D:8      | Reached skill level 10 in Maces & Flails
  7640 | D:8      | Found a burning altar of Makhleb.
  7816 | D:8      | Noticed a hill giant
  7835 | D:8      | HP: 2/73 [hill giant/giant club (7)]
  7836 | D:8      | Killed a hill giant
  8615 | D:9      | Found an ancient bone altar of Kikubaaqudgha.
  8624 | D:9      | Reached XP level 10. HP: 80/80 MP: 21/21
  8625 | D:9      | Noticed Dowan
  8627 | D:9      | Noticed Duvessa
  8628 | D:9      | Killed Dowan
  8635 | D:9      | Killed Duvessa
  8740 | D:9      | Reached skill level 11 in Maces & Flails
  9171 | D:10     | Entered Level 10 of the Dungeon
  9227 | D:10     | Found Styshrag's Book Shoppe.
  9278 | D:10     | Found a flagged portal.
  9289 | Bailey   | Entered a bailey
  9489 | Bailey   | Noticed an orc knight
  9821 | Bailey   | Killed an orc knight
 10038 | D:10     | Found a staircase to the Orcish Mines.
 10249 | D:10     | You fall through a shaft for 2 floors!
 10315 | D:12     | Reached skill level 12 in Maces & Flails
 10349 | D:12     | Found a frozen archway.
 10394 | IceCv    | Entered an ice cave
 10866 | IceCv    | Acquired Okawaru's second power
 10866 | IceCv    | Reached skill level 13 in Maces & Flails
 10948 | IceCv    | Reached XP level 11. HP: 82/86 MP: 23/23
 10951 | IceCv    | Received a gift from Okawaru
 11678 | IceCv    | Reached skill level 14 in Maces & Flails
 11938 | IceCv    | Received a gift from Okawaru
 12405 | IceCv    | Noticed an ice statue
 12685 | IceCv    | Killed an ice statue
 12685 | IceCv    | Reached skill level 5 in Fighting
 12984 | IceCv    | Noticed a death yak
 13371 | IceCv    | Killed a death yak
 13479 | IceCv    | Noticed a death yak
 13479 | IceCv    | Noticed a frost giant
 13528 | IceCv    | HP: 7/154 [frost giant/battleaxe of freezing (1)]
 13529 | IceCv    | Killed a frost giant
 13529 | IceCv    | Reached XP level 12. HP: 7/112 MP: 0/24
 13576 | IceCv    | Killed a death yak
 14099 | D:11     | Reached skill level 10 in Fighting
 14234 | D:11     | Reached skill level 1 in Armour
 14359 | D:10     | Noticed a hill giant
 14365 | D:10     | Killed a hill giant
 14455 | D:10     | Found a stormy altar of Qazlal.
 14456 | D:10     | Noticed Erica
 14471 | D:10     | Killed Erica
 14537 | D:10     | Noticed an orc sorcerer
 14943 | D:10     | Paralysed by an orc sorcerer for 4 turns
 14951 | D:10     | Killed an orc sorcerer
 16216 | D:11     | Received a gift from Okawaru
 16216 | D:11     | Reached skill level 5 in Armour
 16221 | D:11     | Got a shimmering great mace {god gift}
 16227 | D:11     | Identified the +9 great mace of Wir Saem {crush, Str+2 Dex+2} (Okawaru gifted it to you on level 11 of the Dungeon)
 17008 | D:12     | Noticed a brown ugly thing
 17018 | D:12     | Killed a brown ugly thing
 17425 | D:12     | Noticed a tengu warrior
 17443 | D:12     | Killed a tengu warrior
 17628 | Lair:1   | Entered Level 1 of the Lair of Beasts
 17659 | Lair:1   | Got a dazzling spear
 17660 | Lair:1   | Identified the +2 spear "Mycviemy" {flame, *Rage rF+ Stlth-} (You found it on level 1 of the Lair of Beasts)
 17706 | Lair:1   | Reached XP level 13. HP: 123/123 MP: 25/25
 17769 | Lair:1   | Noticed a six-headed hydra
 17777 | Lair:1   | Killed a six-headed hydra
 18004 | Lair:1   | Noticed a six-headed hydra
 18012 | Lair:1   | Killed a six-headed hydra
 18084 | Lair:1   | Learned a level 2 spell: Repel Missiles
 18087 | Lair:1   | Learned a level 2 spell: Blink
 18525 | Lair:1   | Reached skill level 1 in Air Magic
 18606 | Lair:1   | Reached skill level 1 in Charms
 18913 | Lair:2   | Noticed MackTheKnife's ghost (powerful FoFi)
 18917 | Lair:2   | Killed MackTheKnife's ghost
 18917 | Lair:2   | Received a gift from Okawaru
 19328 | Lair:2   | Received a gift from Okawaru
 19332 | Lair:2   | Got a crude flail {god gift}
 19333 | Lair:2   | Identified the +2 flail of the Madman {crush, Dex+2} (Okawaru gifted it to you on level 2 of the Lair of Beasts)
 20015 | Lair:3   | Found a staircase to the Swamp.
 20297 | Lair:3   | Found a hole to the Spider Nest.
 21148 | Lair:4   | Reached skill level 10 in Armour
 21266 | Lair:4   | Received a gift from Okawaru
 21291 | Lair:4   | Reached XP level 14. HP: 125/132 MP: 24/26
 21361 | Lair:4   | Noticed Fannar
 21367 | Lair:4   | Killed Fannar
 22554 | Lair:5   | Received a gift from Okawaru
 22571 | Lair:5   | Got an encrusted greatsling {god gift}
 22572 | Lair:5   | Identified the +12 greatsling "Mavaw" {speed, rN+ MR+} (Okawaru gifted it to you on level 5 of the Lair of Beasts)
 22952 | Lair:5   | Found an iron altar of Okawaru.
 23503 | Lair:6   | Reached skill level 1 in Slings
 23543 | Lair:6   | Upgraded the game from 0.16-a0-282-ga87e286 to 0.16-a0-286-g6bac339
 23687 | Lair:6   | Received a gift from Okawaru
 24926 | Lair:6   | Reached skill level 5 in Dodging
 25414 | Lair:7   | Reached skill level 5 in Slings
 25538 | Lair:7   | Found a dark tunnel.
 25555 | Volcano  | Entered a volcano
 25807 | Volcano  | Received a gift from Okawaru
 25896 | Volcano  | Found a burning altar of Makhleb.
 26101 | Lair:7   | Reached XP level 15. HP: 138/138 MP: 27/27
 27089 | Lair:8   | Entered Level 8 of the Lair of Beasts
 27281 | Lair:8   | Received a gift from Okawaru
 27382 | Lair:8   | Got a fine helmet {god gift}
 27394 | Lair:8   | Identified the +0 helmet "Clounon" {Slay+5} (Okawaru gifted it to you on level 8 of the Lair of Beasts)
 27694 | Lair:8   | Found a staircase to the Slime Pits.
 27695 | Lair:8   | Found a viscous altar of Jiyva.
 28522 | Lair:8   | Received a gift from Okawaru
 28540 | Lair:8   | Received a gift from Okawaru
 28866 | Lair:8   | Learned a level 3 spell: Regeneration
 29055 | Lair:8   | Received a gift from Okawaru
 30438 | D:13     | Found a gate to the Vaults.
 30561 | D:13     | Learned a level 1 spell: Apportation
 30563 | D:13     | Learned a level 1 spell: Summon Butterflies
 30722 | D:13     | Reached skill level 1 in Necromancy
 30847 | D:13     | Received a gift from Okawaru
 31205 | D:14     | Noticed a fire giant
 31219 | D:14     | Killed a fire giant
 31219 | D:14     | Received a gift from Okawaru
 31219 | D:14     | Reached XP level 16. HP: 134/146 MP: 28/28
 31254 | D:14     | Found a stormy altar of Qazlal.
 31255 | D:14     | Found a snail-covered altar of Cheibriados.
 31496 | D:14     | Noticed Snorg
 31516 | D:14     | Killed Snorg
 31909 | D:14     | Reached skill level 5 in Charms
 32305 | D:15     | Entered Level 15 of the Dungeon
 32429 | D:15     | Noticed Nergalle
 32434 | D:15     | Killed Nergalle
 32485 | D:15     | Found a staircase to the Depths.
 32895 | D:15     | Reached skill level 10 in Dodging
 32920 | D:15     | Found an ancient bone altar of Kikubaaqudgha.
 32984 | D:15     | Received a gift from Okawaru
 33892 | Depths:1 | Entered Level 1 of the Depths
 33920 | Depths:1 | Reached skill level 5 in Necromancy
 34136 | Depths:1 | Paralysed by a great orb of eyes for 5 turns
 34162 | Depths:1 | Received a gift from Okawaru
 34441 | Orc:1    | Entered Level 1 of the Orcish Mines
 34441 | Orc:1    | Found a roughly hewn altar of Beogh.
 34831 | Orc:2    | Found a roughly hewn altar of Beogh.
 35258 | Orc:1    | Received a gift from Okawaru
 35384 | Orc:3    | Noticed Donald
 35401 | Orc:3    | Killed Donald
 35403 | Orc:3    | Received a gift from Okawaru
 35984 | Orc:3    | Found a staircase to the Elven Halls.
 36202 | Orc:3    | Noticed Harold
 36217 | Orc:3    | Killed Harold
 36541 | Orc:4    | Entered Level 4 of the Orcish Mines
 36705 | Orc:4    | Received a gift from Okawaru
 36855 | Orc:4    | Reached XP level 17. HP: 153/153 MP: 29/29
 36881 | Orc:4    | Received a gift from Okawaru
 37039 | Orc:4    | Found Zuoduu's Distillery.
 37039 | Orc:4    | Found Shrihuni's Distillery.
 37049 | Orc:4    | Found Vaucear's Antique Weapon Shop.
 37057 | Orc:4    | Found Iwawkul's Book Shop.
 37248 | Orc:4    | Bought a potion of confusion for 16 gold pieces
 37253 | Orc:4    | Bought a potion of berserk rage for 45 gold pieces
 37253 | Orc:4    | Bought a potion of cancellation for 82 gold pieces
 37256 | Orc:4    | Bought 2 potions of cure mutation for 1120 gold pieces
 37744 | Swamp:1  | Entered Level 1 of the Swamp
 38082 | Swamp:1  | Received a gift from Okawaru
 38203 | Swamp:1  | Got an ominously black robe
 38214 | Swamp:1  | Identified the cursed -3 robe of Articulation {Str+2 Int+1} (You found it on level 1 of the Swamp)
 38485 | Swamp:1  | Noticed Nessos
 38487 | Swamp:1  | Killed Nessos
 38689 | Swamp:1  | Noticed Aizul
 38701 | Swamp:1  | Killed Aizul
 40394 | Swamp:3  | Received a gift from Okawaru
 40432 | Swamp:3  | Received a gift from Okawaru
 40801 | Swamp:3  | Noticed Norris
 40820 | Swamp:3  | Killed Norris
 42454 | Swamp:3  | Reached XP level 18. HP: 140/160 MP: 29/29
 43057 | Swamp:4  | Gained mutation: You are robust (+10% HP). [potion of beneficial mutation]
 43058 | Swamp:4  | Gained mutation: Your mind is acute. (Int +2) [potion of beneficial mutation]
 43855 | Swamp:5  | Entered Level 5 of the Swamp
 44203 | Swamp:5  | Received a gift from Okawaru
 44290 | Swamp:5  | HP: 8/176 [spriggan druid/angry trees (5)]
 45121 | Swamp:5  | Got a decaying rune of Zot
 45697 | Depths:1 | Found a shattered altar of Ashenzari.
 46535 | Depths:1 | Found a gateway to Hell.
 46671 | Depths:1 | Received a gift from Okawaru
 47059 | Depths:1 | Paralysed by a giant eyeball for 4 turns
 47067 | Depths:1 | Paralysed by a giant eyeball for 4 turns
 48168 | Depths:2 | Received a gift from Okawaru
 48251 | Depths:2 | Identified the Grimoire of Freezing Conjuration
 48418 | Depths:2 | Reached skill level 10 in Evocations
 48423 | Depths:2 | Reached XP level 19. HP: 174/184 MP: 0/31
 48425 | Depths:2 | Received a gift from Okawaru
 48648 | Depths:2 | Noticed Jory
 48673 | Depths:2 | Killed from afar by Jory

Action                   |  1- 3 |  4- 6 |  7- 9 | 10-12 | 13-15 | 16-18 | 19-21 || total
-------------------------+-------+-------+-------+-------+-------+-------+-------++-------
Melee: Flail             |    80 |   146 |   376 |  1076 |    21 |       |       ||  1699
       Great mace        |       |       |       |    86 |   691 |       |       ||   777
       Eveningstar       |       |       |       |       |    98 |  1968 |    63 ||  2129
 Fire: Hunting sling     |       |       |       |    43 |    75 |       |       ||   118
       Greatsling        |       |       |       |       |   153 |   188 |       ||   341
Throw: Throwing net      |     2 |     1 |       |     5 |     2 |     3 |       ||    13
       Stone             |       |       |       |     1 |       |       |       ||     1
 Cast: Repel Missiles    |       |       |       |       |     2 |     4 |       ||     6
       Regeneration      |       |       |       |       |       |    31 |     2 ||    33
Invok: Heroism           |       |       |       |       |     5 |     1 |       ||     6
 Abil: Spit Poison       |     1 |    43 |    44 |    70 |    37 |     1 |       ||   196
       Evoke Berserk Rag |       |       |     2 |     8 |     6 |    13 |     1 ||    30
Evoke: Wand              |       |       |    18 |    44 |    34 |    37 |     4 ||   137
       Fan of gales      |       |       |       |       |     1 |     7 |     1 ||     9
  Use: Scroll            |       |     5 |     2 |     4 |    22 |    17 |     1 ||    51
       Potion            |       |       |       |    10 |     1 |    15 |       ||    26
 Stab: Held in net/web   |     4 |       |       |     1 |     2 |       |       ||     7
       Distracted        |       |       |     1 |       |       |       |       ||     1
       Confused          |       |       |     1 |     1 |       |     3 |       ||     5
       Paralysed         |       |       |       |     1 |     2 |    13 |       ||    16
  Eat: Chunk             |       |    11 |    17 |    18 |    32 |    30 |       ||   108
       Pizza             |       |       |     1 |     5 |       |     6 |       ||    12
       Beef jerky        |       |       |     1 |     1 |     2 |     3 |       ||     7
       Fruit             |       |       |       |    12 |    17 |    32 |     2 ||    63
       Royal jelly       |       |       |       |     2 |       |     1 |       ||     3
